 Dungeon Crawl Stone Soup version 0.24.0-13-gcf9b3192b9 (webtiles) character file.

Game seed: 6187305588977009043, levelgen mode: deterministic

534 Delamore the Cleaver (level 7, -2/57 HPs)
             Began as a Hill Orc Fighter on Nov 9, 2019.
             Was an Initiate of Qazlal.
             Slain by Prince Ribbit (3 damage)
             ... on level 5 of the Dungeon.
             The game lasted 00:06:27 (3545 turns).

Delamore the Cleaver (Hill Orc Fighter)             Turns: 3545, Time: 00:06:28

Health: -2/57      AC: 13    Str: 21    XL:     7   Next: 25%
Magic:  7/7        EV:  4    Int:  8    God:    Qazlal [......]
Gold:   230        SH:  9    Dex: 10    Spells: 6/6 levels left

rFire    . . .     SeeInvis .   a - +0 war axe
rCold    . . .     Gourm    .   c - +0 shield
rNeg     . . .     Faith    .   v - +0 plate armour
rPois    .         Spirit   .   (no helmet)
rElec    .         Reflect  .   m - +0 cloak
rCorr    .         Harm     .   s - +0 pair of gloves
MR       .....                  (no boots)
Stlth    ..........             (no amulet)
HPRegen  0.19/turn              (no ring)
MPRegen  0.10/turn              (no ring)

@: no status effects
A: no striking features
a: Renounce Religion


You were on level 5 of the Dungeon.
You worshipped Qazlal.
Qazlal was noncommittal.
You were not hungry.

You visited 2 branches of the dungeon, and saw 6 of its levels.

You collected 230 gold pieces.

Inventory:

Hand Weapons
 a - a +0 war axe (weapon)
Armour
 c - a +0 shield (worn)
 m - a +0 cloak (worn)
 s - a +0 pair of gloves (worn)
 v - a +0 plate armour (worn)
Scrolls
 g - a scroll of fog {unknown}
 h - 2 scrolls of remove curse
 i - 3 scrolls of fear {unknown}
 j - a scroll of magic mapping {unknown}
 l - 3 scrolls of enchant weapon {unknown}
 n - 5 scrolls of identify {unknown}
 o - a scroll of enchant armour {unknown}
 p - a scroll of immolation {unknown}
 q - a scroll of random uselessness {unknown}
 r - a scroll of teleportation {unknown}
Potions
 d - a potion of heal wounds {unknown}
 k - a potion of magic
 t - a potion of berserk rage {unknown}
Comestibles
 b - 6 chunks of flesh
 f - 8 rations


   Skills:
 - Level 3.6 Fighting
 + Level 9.2 Axes
 - Level 3.2 Armour
 + Level 2.2 Dodging
 + Level 0.3 Stealth
 - Level 3.2 Shields


You had 6 spell levels left.
You didn't know any spells.
Your spell library was empty.

Dungeon Overview and Level Annotations

Branches:
Dungeon (5/15)             Temple (1/1) D:4

Altars:
Ashenzari
Dithmenos
Elyvilon
Fedhas
Gozag
Kikubaaqudgha
Makhleb
Qazlal
Ru
Sif Muna
Uskayaw
Vehumet
Wu Jian
Xom
Zin
The Shining One

Shops:
D:4 =

Annotations:
D:5 Prince Ribbit


Message History

Prince Ribbit is heavily wounded.
You block Prince Ribbit's attack. Prince Ribbit barely misses you.
You closely miss Prince Ribbit.
Prince Ribbit is heavily wounded.
Prince Ribbit hits you!
You barely miss Prince Ribbit.
Prince Ribbit is heavily wounded.
Prince Ribbit hits you!
* * * LOW HITPOINT WARNING * * *
Prince Ribbit completely misses you.
You slash Prince Ribbit!
Prince Ribbit is severely wounded.
Prince Ribbit hits you!
* * * LOW HITPOINT WARNING * * *
Prince Ribbit mumbles some strange words.
Prince Ribbit looks slightly unstable.
You closely miss Prince Ribbit.
Prince Ribbit is severely wounded.
Prince Ribbit hits you.
You die...

#..# # #.# #. #..#. #.#
# .. ##..#.######.# ##.#
.. ............## ....#
#. #..#######...# .#F.
#. #..# #.....#.. _.. #.
#..###.###...# .#
######F####...##.###..##
.#
(....?.@..............#
##
########.##...##.####.#
# #.#.######.# #.# # ..#
#......†# #.# . ##.
.######.# #.# ## # #.#
#.# # #.# #.# # ..# .# .
###


You could see Prince Ribbit.

Vanquished Creatures
  A scorpion (D:5)
  A howler monkey (D:4)
  A crimson imp (D:3)
  2 hounds
  An orc wizard (D:5)
  A centaur skeleton (D:5)
  A bullfrog skeleton (D:4)
  4 worker ants
  5 adders
  4 gnolls (D:3)
  3 oozes
  2 worms
  A dart slug (D:4)
  6 leopard geckos
  5 orcs
  3 giant cockroaches
  5 goblins
  5 hobgoblins
  2 jackals (D:1)
  2 quokkas
  A ball python (D:1)
  6 bats
  4 frilled lizards
  3 kobolds
  6 rats
75 creatures vanquished.

Notes
Turn   | Place    | Note
-------+----------+-------------------------------------------
     0 | D:1      | Delamore the Hill Orc Fighter began the quest for the Orb.
     0 | D:1      | Reached XP level 1. HP: 19/19 MP: 1/1
    15 | D:1      | Reached skill level 3 in Axes
   130 | D:1      | Reached XP level 2. HP: 26/26 MP: 2/2
   291 | D:1      | Reached skill level 4 in Axes
   516 | D:1      | Reached XP level 3. HP: 29/31 MP: 3/3
   651 | D:2      | Reached skill level 5 in Axes
   744 | D:2      | Reached XP level 4. HP: 32/39 MP: 4/4
  1036 | D:3      | Reached skill level 1 in Dodging
  1055 | D:3      | Found a blossoming altar of Fedhas.
  1056 | D:3      | Found a white marble altar of Elyvilon.
  1150 | D:3      | Found a radiant altar of Vehumet.
  1150 | D:3      | Found a burning altar of Makhleb.
  1156 | D:3      | Reached skill level 6 in Axes
  1156 | D:3      | Reached XP level 5. HP: 34/45 MP: 5/5
  1887 | D:3      | Reached skill level 7 in Axes
  2102 | D:4      | Reached XP level 6. HP: 27/51 MP: 6/6
  2126 | D:4      | Reached skill level 8 in Axes
  2317 | D:4      | Found a glowing silver altar of Zin.
  2348 | D:4      | Found a staircase to the Ecumenical Temple.
  2379 | Temple   | Entered the Ecumenical Temple
  2431 | Temple   | Became a worshipper of Qazlal Stormbringer
  2695 | D:4      | Found Yddeof's Jewellery Shop.
  2883 | D:5      | Entered Level 5 of the Dungeon
  2883 | D:5      | Found a sacrificial altar of Ru.
  2883 | D:5      | Noticed Prince Ribbit
  3366 | D:5      | Reached XP level 7. HP: 51/57 MP: 7/7
  3486 | D:5      | Reached skill level 9 in Axes
  3544 | D:5      | HP: 1/57 [Prince Ribbit (10)]
  3545 | D:5      | Slain by Prince Ribbit

Levels and vault maps discovered:
D:1:      evilmike_arrival_hilbert_curve, layout_basic
D:2:      layout_basic
D:3:      layout_basic, grunt_temple_overflow_lords_of_destruction,
          chequers_temple_overflow_statue_of_worship, serial_glass,
          glass_columns_a, glass_columns_a, glass_columns_b
D:4:      layout_basic, zin_statuary, temple_pool_b, serial_shops, shop
D:5:      layout_loops_ring, lemuel_crystal_altar, first_ration,
          uniq_prince_ribbit1
Temple:   zaba_magenta_temple

Skill      XL: |  1  2  3  4  5  6  7 |
---------------+----------------------+-----
Axes           | 3 4 5 6 7 8 9 |  9.2
Dodging        | 1 2 |  2.2
Fighting       | |  3.6
Armour         | |  3.2
Stealth        | |  0.3
Shields        | |  3.2

Action                   |  1- 3 |  4- 6 |  7- 9 || total
-------------------------+-------+-------+-------++-------
Melee: War axe           |    83 |   168 |    50 ||   301
Throw: Javelin           |       |       |     3 ||     3
  Use: Scroll            |       |     1 |       ||     1
       Potion            |       |     3 |       ||     3
  Eat: Chunk             |       |     7 |     2 ||     9
Armor: Scale mail        |    41 |    54 |       ||    95
       Plate armour      |       |     9 |    17 ||    26
Dodge: Dodged            |    24 |    52 |     7 ||    83
Block: Shield            |    49 |    78 |    21 ||   148
